 Dungeon Crawl Stone Soup version 0.31.0-11-ge490571c62 (webtiles) character file.

Game seed: 9288237502733909812

125053 browni3141 the Severer (level 15, -6/139 HPs)
             Began as a Minotaur Fighter on Jan 28, 2024.
             Was the Champion of Okawaru.
             Incinerated by a sun moth (14 damage)
             ... with a flurry of pyrophoric scales
             ... on level 3 of the Lair of Beasts.
             The game lasted 00:16:58 (21593 turns).

browni3141 the Severer (Minotaur Fighter)          Turns: 21593, Time: 00:16:58

Health: -6/139     AC: 45    Str: 26      XL:     15   Next: 85%
Magic:  23/23      EV:  6    Int:  8      God:    Okawaru [******]
Gold:   1321       SH: 19    Dex: 11 (12) Spells: 14/14 levels left

rFire   . . .        Y - +6 broad axe (vamp)
rCold   . . .        Z - +2 kite shield
rNeg    + . .        f - +8 orange crystal plate armour {Archmagi, Int+3 Clar}
rPois   +            W - +2 hat {Will+}
rElec   .            O - +2 cloak {Will+}
rCorr   .            H - +2 pair of gloves
SInv    .            r - +2 pair of boots
Will    +++..        w - amulet of reflection Stlth
                     A - ring of positive energy
HPRegen 0.43/turn    b - ring of poison resistance
MPRegen 0.18/turn

%: reflection, clarity, archmagi
@: on fire, glowing
A: horns 2, retaliatory headbutt, wild magic 1, no potion heal 1, sturdy frame 1
}: 1/15 runes: gossamer
a: Renounce Religion, Heroism, Finesse, Duel


You were on level 3 of the Lair of Beasts.
You worshipped Okawaru.
Okawaru was exalted by your worship.
You visited 4 branches of the dungeon, and saw 23 of its levels.

You collected 1882 gold pieces.
You spent 561 gold pieces at shops.

Inventory:

Hand Weapons
 Y - a +6 vampiric broad axe (weapon)
Missiles
 a - 6 silver javelins
 h - 31 boomerangs
 D - 2 curare-tipped darts
 U - 9 javelins (quivered)
Armour
 f - the +8 orange crystal plate armour (worn) {Archmagi, Int+3 Clar}
   (Okawaru gifted it to you on level 5 of the Lair of Beasts)

   Int+3:     It affects your intelligence (+3).
   Clar:      It protects you from confusion, rage, mesmerisation and fear.
 r - a +2 pair of boots (worn)
 H - a +2 pair of gloves (worn)
 O - a +2 cloak of willpower (worn)
 W - a +2 hat of willpower (worn)
 Z - a +2 kite shield (worn)
Jewellery
 b - a ring of poison resistance (right hand)
 w - an amulet of reflection (around neck)
 y - a ring of magical power
 A - a ring of positive energy (left hand)
 E - an amulet of faith
 L - an amulet of the acrobat
 P - an amulet of guardian spirit
Wands
 c - a wand of mindburst (14)
 e - a wand of flame (17)
 p - a wand of paralysis (6)
 K - a wand of iceblast (6)
 M - a wand of digging (9)
 T - a wand of polymorph (10)
 V - a wand of acid (12)
Scrolls
 d - a scroll of fog
 g - 3 scrolls of revelation
 i - 2 scrolls of vulnerability
 k - 3 scrolls of poison
 l - 9 scrolls of teleportation
 n - 4 scrolls of enchant armour
 o - 5 scrolls of immolation
 s - 2 scrolls of noise
 u - a scroll of silence {unknown}
 v - 5 scrolls of amnesia
 N - a scroll of butterflies
 Q - 2 scrolls of torment
 S - 6 scrolls of identify
Potions
 j - 2 potions of enlightenment
 m - 6 potions of curing
 q - 3 potions of invisibility
 x - 2 potions of cancellation
 z - 3 potions of ambrosia
 B - 5 potions of heal wounds
 C - 3 potions of mutation
 F - a potion of resistance
 G - 2 potions of attraction
 I - 2 potions of magic
 J - a potion of berserk rage
 R - 3 potions of brilliance
 X - a potion of lignification


   Skills:
 + Level 14.9 Fighting
 - Level 18.0 Axes
 + Level 10.5 Throwing
 * Level 16.7 Armour
 - Level 13.0 Shields
 - Level 12.0 Invocations


You had 14 spell levels left.
You didn't know any spells.
Your spell library contained the following spells:

 Spells                   Type           Power      Damage    Failure   Level
 Sandblast                Erth           0%         2d4       100%        1
 Slow                     Hex            0%         N/A       100%        1
 Sting                    Conj/Alch      0%         1d3       100%        1
 Ensorcelled Hibernation  Hex/Ice        0%         N/A       100%        2
 Mercury Vapours          Alch/Air       0%         N/A       100%        2
 Confusing Touch          Hex            0%         N/A       100%        3
 Frozen Ramparts          Ice            0%         1d1       100%        3
 Hailstorm                Conj/Ice       0%         3d5       100%        3
 Inner Flame              Hex/Fire       0%         N/A       100%        3
 Ozocubu's Armour         Ice            0%         N/A       100%        3
 Passwall                 Erth           0%         N/A       100%        3
 Sigil of Binding         Hex            0%         N/A       100%        3
 Stone Arrow              Conj/Erth      0%         3d7       100%        3
 Swiftness                Air            0%         N/A       100%        3
 Vampiric Draining        Necr           0%         2d6       100%        3
 Anguish                  Hex/Necr       0%         N/A       100%        4
 Brom's Barrelling Bould  Conj/Erth      0%         2d3       100%        4
 Cause Fear               Hex            0%         N/A       100%        4
 Flame Wave               Conj/Fire      0%         2d4       100%        4
 Leda's Liquefaction      Alch/Erth      0%         N/A       100%        4
 Olgreb's Toxic Radiance  Alch           0%         N/A       100%        4
 Petrify                  Alch/Erth      0%         N/A       100%        4
 Sticky Flame             Fire/Alch      0%         2d4       100%        4
 Vhi's Electric Charge    Tloc/Air       0%         N/A       100%        4
 Arcjolt                  Conj/Air       0%         1d10      100%        5
 Borgnjor's Vile Clutch   Necr/Erth      0%         N/A       100%        5
 Metabolic Englaciation   Hex/Ice        0%         N/A       100%        5
 Conjure Ball Lightning   Conj/Air       0%         3x3d6     100%        6
 Plasma Beam              Fire/Air       0%         2x1d10    100%        6
 Enfeeble                 Hex            0%         N/A       100%        7
 Discord                  Hex            0%         N/A       100%        8
 Disjunction              Tloc           0%         N/A       100%        8
 Lehudib's Crystal Spear  Conj/Erth      0%         10d2      100%        8
 Chain Lightning          Conj/Air       0%         N/A       100%        9
 Fire Storm               Conj/Fire      0%         5d1       100%        9
 Shatter                  Erth           0%         3d5*      100%        9
 Summon Ice Beast         Ice/Summ       Unusable   N/A       N/A         3
 Animate Armour           Summ/Erth      Unusable   N/A       N/A         4
 Animate Dead             Necr           Unusable   N/A       N/A         4
 Death Channel            Necr           Unusable   N/A       N/A         6
 Sculpt Simulacrum        Ice/Alch       Unusable   N/A       N/A         6

Dungeon Overview and Level Annotations

Branches:
Dungeon (13/15)            Temple (1/1) D:4            Lair (5/5) D:11
  Swamp (0/4) Lair:2       Spider (4/4) Lair:3        Slime (0/5) Lair:4
    Orc (0/2) D:12
 Vaults: D:13-14

Altars:
Ashenzari
Cheibriados
Dithmenos
Elyvilon
Fedhas
Gozag
Hepliaklqana
Kikubaaqudgha
Makhleb
Nemelex Xobeh
Okawaru
Qazlal
Ru
Sif Muna
Trog
Uskayaw
Vehumet
Wu Jian
Xom
Yredelemnul
Zin
The Shining One
Jiyva

Shops:
D:3 (   D:6 [   D:7 *   D:8 [

Annotations:
D:11 3 runed translucent doors, ShatteredShell's ghost, journeyman SpHu
Lair:5 exclusion: 3 oklob plants


Innate Abilities, Weirdness & Mutations

You have a pair of horns on your head.
You reflexively headbutt those who attack you in melee.
Your spells are a little harder to cast, but a little more powerful.
Potions are less effective at restoring your health.
Your movements are slightly less encumbered by armour. (ER -2)


Message History

The redback bites you but does no damage.
The sun moth's wings beat fiercely.
You block the flurry of pyrophoric scales... and reflect it back!
The flurry of pyrophoric scales hits the sun moth.
You shake off some of the fire as you move.
The liquid fire burns you!
The sun moth burns!
You block the redback's attack.
The sun moth swoops through the air toward you!
The sun moth bites you!
You shake off some of the fire as you move.
The liquid fire burns you!
The sun moth burns!
You block the redback's attack. The sun moth attacks as it pursues you!
The sun moth bites you but does no damage.
You block the redback's attack.
You shake off the liquid fire.
The sun moth burns!
The redback attacks as it pursues you! You block the redback's attack.
The sun moth shakes off the sticky flame as it moves.
The redback attacks as it pursues you!
The redback bites you but does no damage.
The sun moth attacks as it pursues you! You block the sun moth's attack.
You block the redback's attack. You block the sun moth's attack.
There is a crawl-hole back to the Lair here.
The redback bites you but does no damage.
The sun moth bites you but does no damage.
The redback bites you but does no damage.
You climb upwards.
Welcome back to the Lair of Beasts!
There is a hole to the Spider Nest here.
You slice the redback!! You headbutt the redback.
The redback is almost dead.
You hit the sun moth.
You feel better.
The sun moth's wings beat fiercely.
The flurry of pyrophoric scales hits you.
You are covered in intense liquid fire!
The redback bites you but does no damage.
You closely miss the redback. Your headbutt misses the redback.
The redback is almost dead.
You hit the sun moth.
You feel better. The liquid fire burns you! You block the redback's attack.
The sun moth's wings beat fiercely.
You block the flurry of pyrophoric scales... and reflect it back!
The flurry of pyrophoric scales hits the sun moth.
You barely miss the redback.
The redback is almost dead.
You slash the sun moth!
You feel better. The liquid fire burns you!
The sun moth burns!
You block the redback's attack.
You hit the redback.
You feel better.
You kill the redback!
Okawaru accepts your kill.
You closely miss the sun moth. The liquid fire burns you!
The sun moth burns!
The sun moth's wings beat fiercely.
The flurry of pyrophoric scales hits you.
You are even more covered in intense liquid fire!
You hit the sun moth.
You feel better.
Your headbutt misses the sun moth.
The sun moth is heavily wounded.
The liquid fire burns you! You block the sun moth's attack.
You slice the sun moth!!
The sun moth is severely wounded.
The liquid fire burns you!
The sun moth burns!
The sun moth's wings beat fiercely.
The flurry of pyrophoric scales hits you.
You are even more covered in intense liquid fire!
You closely miss the sun moth. You headbutt the sun moth.
The sun moth is almost dead.
The liquid fire burns you! You block the sun moth's attack.
You barely miss the sun moth. Your headbutt misses the sun moth.
The sun moth is almost dead.
The liquid fire burns you!
The sun moth burns!
The sun moth stops burning.
You block the sun moth's attack.
You slice the sun moth!!
You kill the sun moth!
Okawaru accepts your kill. The liquid fire burns you!
You feel your dexterity returning.
No target in view!
No target in view!
You are caught in the web!
You shake off some of the fire as you move.
The liquid fire burns you!
There is a web here.
You see here a sun moth corpse.
You struggle to detach yourself from the web.
The liquid fire burns you!
You disentangle yourself.
The liquid fire burns you!
You shake off some of the fire as you move.
The liquid fire burns you!
You shake off some of the fire as you move.
The liquid fire burns you!
You die...

##.............#^^.##.....##
#PP#######...#...........#
#### #..##.#.#.^#.^#.##
###....##.#..^#..#
#.....####..#^.###
#######..#.#^.^>###.#.#
##.#P###'#.#^#..^^.^#..###
###.........#^^#..##.##.'.P#
##P..........##.@...#)#....#
.#P.........+..##^#^..#....#
.............#..#^#^#.....##
#.#.........####.'........#
###.........# ###........##
#.........# #.#.P#.##.#
###.####.## ########### ###
###


There were no monsters in sight!

Vanquished Creatures
  Arachne (Spider:4)
  Gastronok (Lair:2)
  2 emperor scorpions (Spider:4)
  4 ghost moths
  A broodmother (Spider:3)
  3 spark wasps
  4 entropy weavers
  2 catoblepae
  5 hydras
  2 jorogumos (Spider:4)
  3 boulder beetles
  2 ghost crabs (Lair:1)
  3 two-headed ogres
  2 death yaks (Lair:5)
  A tengu warrior (D:13)
  3 demonic crawlers
  A skyshark (Lair:2)
  7 orb spiders
  4 pharaoh ants
  3 sun moths
  Lodul (D:12)
  5 steelbarb worms (Spider:4)
  An oklob plant (D:11)
  13 wolf spiders
  5 ugly things
  Maurice (D:7)
  4 cyclopes
  3 meliai (Spider:3)
  10 black mambas
  11 elephants (Lair:3)
  A guardian serpent (Lair:5)
  2 torpor snails
  A gargoyle (D:12)
  An unseen horror (D:11)
  15 cane toads
  7 komodo dragons
  2 kobold demonologists (D:9)
  3 rime drakes
  5 trolls
  2 polar bears (Lair:1)
  20 tarantellas
  5 hornets
  15 blink frogs
  A spectral black mamba (Lair:2)
  2 wraiths
  Sigmund (D:4)
  A shadow (D:12)
  5 slime creatures (D:12)
  11 jumping spiders
  2 vampires (D:9)
  10 culicivoras
  12 wyverns
  54 yaks
  5 basilisks
  3 steam dragons
  A warg (D:12)
  6 vampire mosquitoes
  A spectral cane toad (Lair:2)
  36 redbacks
  3 orc warriors
  26 water moccasins
  A spectral torpor snail (Lair:2)
  4 black bears
  A sky beast (D:6)
  2 ice beasts
  7 ogres
  3 centaurs
  7 wolves
  A phantom (D:6)
  9 kobold brigands
  A scorpion (D:6)
  13 bullfrogs
  3 wights (D:7)
  9 killer bees
  2 jellies
  3 howler monkeys
  2 lava snakes (Lair:4)
  4 bombardier beetles
  An orc priest (D:9)
  4 hounds
  An iguana (D:4)
  8 orc wizards
  13 hell rats (Lair:4)
  3 gnolls (D:5)
  6 adders
  2 shadow imps (D:9)
  2 white imps (D:6)
  4 ufetubi (D:6)
  2 ribbon worms
  A dart slug (D:4)
  29 orcs
  5 bats
  4 endoplasms
  A giant cockroach (D:3)
  17 goblins
  4 hobgoblins
  5 jackals
  3 quokkas
  9 ball pythons
  3 frilled lizards
  41 kobolds
  6 kobold skeletons (D:9)
  12 kobold zombies (D:9)
  6 rats
631 creatures vanquished.

Vanquished Creatures (others)
  A demonic crawler (Spider:4)
  A kobold (D:9)
2 creatures vanquished.

Grand Total: 633 creatures vanquished

Notes
Turn   | Place    | Note
-------+----------+-------------------------------------------
     0 | D:1      | browni3141 the Minotaur Fighter began the quest for the
                  | Orb.
     0 | D:1      | Reached XP level 1. HP: 19/19 MP: 0/0
   173 | D:1      | Reached skill level 3 in Axes
   348 | D:1      | Reached XP level 2. HP: 27/27 MP: 1/1
   894 | D:2      | Reached skill level 4 in Axes
   918 | D:2      | Reached XP level 3. HP: 33/33 MP: 2/2
  1311 | D:3      | Found Jujasip's Antique Weapon Shoppe.
  1384 | D:3      | Found a radiant altar of Vehumet.
  1849 | D:3      | Reached XP level 4. HP: 39/40 MP: 3/3
  2159 | D:4      | Found a staircase to the Ecumenical Temple.
  2167 | Temple   | Entered the Ecumenical Temple
  2239 | Temple   | Became a worshipper of Warmaster Okawaru
  2313 | D:4      | Reached skill level 5 in Axes
  2344 | D:4      | Noticed an ogre
  2350 | D:4      | Killed an ogre
  2351 | D:4      | Reached skill level 6 in Axes
  2351 | D:4      | Reached XP level 5. HP: 29/47 MP: 4/4
  2462 | D:4      | Noticed Sigmund
  2471 | D:4      | Killed Sigmund
  2471 | D:4      | Reached * piety under Okawaru
  2472 | D:4      | Reached skill level 7 in Axes
  2472 | D:4      | Reached skill level 5 in Armour
  2472 | D:4      | Reached skill level 5 in Shields
  2472 | D:4      | Reached XP level 6. HP: 33/55 MP: 5/5
  2551 | D:4      | Reached skill level 5 in Fighting
  3117 | D:5      | Entered Level 5 of the Dungeon
  3269 | D:5      | Reached skill level 8 in Axes
  3269 | D:5      | Reached XP level 7. HP: 36/61 MP: 6/6
  3467 | D:5      | Reached ** piety under Okawaru
  3540 | D:5      | Reached skill level 9 in Axes
  3686 | D:5      | Noticed a steam dragon
  3699 | D:5      | Killed a steam dragon
  3700 | D:5      | Reached skill level 10 in Axes
  3915 | D:5      | Reached XP level 8. HP: 70/70 MP: 7/7
  4263 | D:7      | Reached skill level 11 in Axes
  4326 | D:6      | Reached *** piety under Okawaru
  4522 | D:6      | Reached skill level 12 in Axes
  4542 | D:6      | Found Pagat's Antique Armour Shoppe.
  4551 | D:6      | Bought a polished chain mail for 285 gold pieces
  4551 | D:6      | Identified the +4 chain mail of Wadaigo {rPois rC+} (You
                  | bought it in a shop on level 6 of the Dungeon)
  5411 | D:7      | Reached XP level 9. HP: 40/75 MP: 8/8
  5718 | D:7      | Noticed Maurice
  5735 | D:7      | Something stole 8 boomerangs
  5736 | D:7      | Something stole a ring of magical power
  5768 | D:7      | Maurice stole 105 gold
  5773 | D:7      | Found a sacrificial altar of Ru.
  5835 | D:7      | Killed Maurice
  5835 | D:7      | Reached **** piety under Okawaru
  5836 | D:7      | Reached skill level 13 in Axes
  5934 | D:7      | Found Odirchykuq's Assorted Antiques.
  5942 | D:7      | Bought a bubbling coppery potion for 20 gold pieces
  5942 | D:7      | Bought a lumpy orange potion for 20 gold pieces
  5951 | D:7      | Found a shadowy altar of Dithmenos.
  6073 | D:7      | Found a broken altar of Ashenzari.
  6095 | D:7      | Found a white marble altar of Elyvilon.
  6314 | D:8      | Reached skill level 14 in Axes
  6346 | D:8      | Found Meeshragu's Armour Shoppe.
  6698 | D:8      | Reached ***** piety under Okawaru
  6897 | D:8      | Noticed a two-headed ogre
  6904 | D:8      | Killed a two-headed ogre
  6904 | D:8      | Received a gift from Okawaru
  6905 | D:8      | Reached skill level 15 in Axes
  6905 | D:8      | Reached XP level 10. HP: 67/90 MP: 9/9
  7435 | D:9      | Reached skill level 1 in Throwing
  7490 | D:9      | Noticed a two-headed ogre
  7503 | D:9      | Killed a two-headed ogre
  7504 | D:9      | Reached skill level 1 in Invocations
  7731 | D:9      | Noticed a smoke demon
  8128 | D:9      | Found an ancient bone altar of Kikubaaqudgha.
  8144 | D:9      | Noticed a soul eater
  8360 | D:10     | Entered Level 10 of the Dungeon
  8856 | D:10     | Reached skill level 16 in Axes
  9260 | D:11     | Reached XP level 11. HP: 57/97 MP: 12/12
  9430 | D:11     | Noticed a boulder beetle
  9448 | D:11     | Killed a boulder beetle
  9448 | D:11     | Received a gift from Okawaru
  9658 | D:11     | Noticed an oklob plant
  9664 | D:11     | Found a sacrificial altar of Ru.
  9669 | D:11     | Found a staircase to the Lair.
  9684 | D:11     | You fall into a shaft and drop 2 floors!
  9828 | D:13     | Noticed a tengu warrior
  9845 | D:13     | Killed a tengu warrior
  9849 | D:13     | Noticed a cyan ugly thing
  9863 | D:13     | Killed a cyan ugly thing
  9881 | D:13     | Reached skill level 10 in Fighting
  9881 | D:13     | Reached skill level 10 in Shields
  9884 | D:13     | Reached skill level 10 in Armour
  9902 | D:13     | Received a gift from Okawaru
 10516 | D:12     | Found a staircase to the Orcish Mines.
 10581 | D:12     | Gained mutation: Potions are less effective at restoring
                  | your health. [potion of mutation]
 10581 | D:12     | Gained mutation: You have hidden genetic potential. [potion
                  | of mutation]
 10608 | D:12     | Noticed Lodul
 10629 | D:12     | Killed Lodul
 11026 | D:11     | Noticed a two-headed ogre
 11039 | D:11     | Killed a two-headed ogre
 11039 | D:11     | Received a gift from Okawaru
 11040 | D:11     | Reached skill level 17 in Axes
 11159 | D:11     | Found a runed translucent gate.
 11159 | D:11     | Found a runed translucent gate.
 11159 | D:11     | Found a runed translucent gate.
 11160 | D:11     | Noticed a brown ugly thing
 11161 | D:11     | Noticed a red ugly thing
 11161 | D:11     | Noticed a red ugly thing
 11163 | D:11     | Noticed a white ugly thing
 11550 | D:11     | Noticed a boulder beetle
 11554 | D:11     | Reached skill level 5 in Throwing
 11554 | D:11     | Reached XP level 12. HP: 98/108 MP: 14/14
 11582 | D:11     | Killed a boulder beetle
 12005 | D:11     | Reached skill level 5 in Invocations
 12214 | D:11     | Found a runed translucent gate.
 12214 | D:11     | Found a runed translucent gate.
 12217 | D:11     | Found a runed translucent gate.
 12217 | D:11     | Noticed ShatteredShell's ghost (journeyman SpHu)
 12268 | D:11     | Received a gift from Okawaru
 12555 | Lair:1   | Entered Level 1 of the Lair of Beasts
 12646 | D:8      | Bought a +2 cloak of willpower for 236 gold pieces
 12829 | Lair:1   | Identified the +6 chain mail "Doodinwe" {rElec Will- Int+3
                  | Dex+2}
 12889 | Lair:1   | Noticed a catoblepas
 12908 | Lair:1   | Killed a catoblepas
 13475 | Lair:1   | Gained mutation: Your spells are a little harder to cast,
                  | but a little more powerful. [hidden potential]
 14068 | Lair:2   | Found a staircase to the Swamp.
 14068 | Lair:2   | Noticed a ghost crab
 14068 | Lair:2   | Noticed a ghost crab
 14314 | Lair:1   | Killed a ghost crab
 14314 | Lair:1   | Received a gift from Okawaru
 14328 | Lair:1   | Killed a ghost crab
 14632 | Lair:2   | Reached skill level 18 in Axes
 14797 | Lair:2   | Noticed Gastronok
 14829 | Lair:2   | Killed Gastronok
 15121 | Lair:2   | Reached XP level 13. HP: 100/117 MP: 16/16
 15121 | Lair:2   | Received a gift from Okawaru
 15982 | Lair:3   | Gained mutation: Your movements are slightly less
                  | encumbered by armour. (ER -2) [hidden potential]
 15982 | Lair:3   | Lost mutation: You have hidden genetic potential. [hidden
                  | potential expressed]
 16434 | Lair:3   | Found a hole to the Spider Nest.
 16470 | Lair:3   | Identified the +3 scimitar "Giantbane" {freeze, rN+ Str+4
                  | Int+4}
 16885 | Lair:4   | Received a gift from Okawaru
 17484 | Lair:4   | Found a viscous altar of Jiyva.
 17484 | Lair:4   | Found a staircase to the Slime Pits.
 17931 | Lair:4   | Reached XP level 14. HP: 115/127 MP: 19/19
 18122 | Lair:5   | Entered Level 5 of the Lair of Beasts
 18131 | Lair:5   | Reached ****** piety under Okawaru
 18132 | Lair:5   | Acquired a +2 vampiric broad axe
 18132 | Lair:5   | Received a gift from Okawaru
 18146 | Lair:5   | Acquired the +8 orange crystal plate armour {Archmagi,
                  | Int+3 Clar}
 18146 | Lair:5   | Received a gift from Okawaru
 18146 | Lair:5   | Found the +8 orange crystal plate armour {Archmagi, Int+3
                  | Clar}
 18173 | Lair:5   | Received a gift from Okawaru
 18412 | Lair:5   | Received a gift from Okawaru
 19351 | Spider:1 | Entered Level 1 of the Spider Nest
 19376 | Spider:1 | Received a gift from Okawaru
 19682 | Spider:2 | Identified the +8 falchion of Ynwoc {elec, rC+ Str+2 Int-2}
 19757 | Spider:2 | Reached skill level 10 in Invocations
 20003 | Spider:2 | Killed a ghost moth
 20003 | Spider:2 | Received a gift from Okawaru
 20357 | Spider:3 | Reached skill level 15 in Armour
 20436 | Spider:3 | Reached XP level 15. HP: 138/138 MP: 21/21
 20499 | Spider:4 | Entered Level 4 of the Spider Nest
 20543 | Spider:4 | Received a gift from Okawaru
 20574 | Spider:4 | Noticed Arachne
 20599 | Spider:4 | Killed Arachne
 20671 | Spider:4 | Reached skill level 10 in Throwing
 20685 | Spider:4 | Noticed an emperor scorpion
 20699 | Spider:4 | Killed an emperor scorpion
 20707 | Spider:4 | Received a gift from Okawaru
 21119 | Spider:4 | Got a gossamer rune of Zot
 21122 | Spider:4 | Got a milky-white gem with 916 turns to spare
 21129 | Spider:4 | Noticed an emperor scorpion
 21149 | Spider:4 | Killed an emperor scorpion
 21593 | Lair:3   | Incinerated by a sun moth

Illustrated notes

Levels and vault maps discovered:
D:1:      wander_arrival_chamber, layout_basic
D:2:      layout_rooms
D:3:      minmay_evil_eye, layout_basic, mainiacjoe_overflow_surrounded_room,
          serial_shops, shop
D:4:      layout_loops_ring, minmay_temple_entry_arrows, uniq_sigmund
D:5:      layout_rooms
D:6:      layout_basic, serial_shops, shop, serial_corexii_hall,
          chequers_hall_statues_corner_a, chequers_hall_statues_wall_a,
          corexii_hall_statues_x, corexii_hall_statues_i
D:7:      layout_basic, nicolae_dithmenos_shadow_blocks,
          nicolae_overflow_crystal_walls, mainiacjoe_overflow_swirl,
          serial_shops, nicolae_shop_overgrown_old_shop, uniq_maurice
D:8:      layout_basic, serial_shops, shop, minmay_unpleasant_kobolds
D:9:      wander_kiku_kobolds, layout_basic
D:10:     layout_basic
D:11:     layout_small_grid, dpeg_oklobed_lair,
          ploomutoo_gammafunk_ghost_potion_laboratory, nicolae_ru_awakened_eye
D:12:     layout_basic, minmay_orc_entry_guard_dogs, uniq_lodul
D:13:     layout_long_grid, david_vaults_2, serial_shops,
          nicolae_book_shop_shelving
Temple:   minmay_temple_bridge_d
Lair:1:   layout_concentric_octagons, serial_bayou_pond_a
Lair:2:   dreamdust_cave_troll, layout_loops_ring, nicolae_swamp_entry_spooky,
          uniq_gastronok
Lair:3:   layout_roguey, spider_nest_entry_rubble
Lair:4:   layout_gridlike, dpeg_slime_entry_enclosed, lemuel_fruit_fields,
          grunt_megastairs_4
Lair:5:   wormcave, layout_long_grid, hangedman_lair_tendril_chambers,
          disabler_island, lemuel_fruit_tree
Spider:1: layout_spider_delve
Spider:2: layout_spider_delve
Spider:3: layout_spider_delve
Spider:4: johnstein_spider_rune_arachne_lair, nicolae_spider_scorpion_nest

Skill      XL: |  1  2  3  4  5  6  7  8  9 10 11 12 13 14 15 |
---------------+----------------------------------------------+-----
Axes           | 3 4 6 7 8 10 12 15 16 17 18 | 18.0
Armour         | 4 5 6 7 8 9 10 11 12 15 16 | 16.7
Fighting       | 4 5 6 7 8 9 10 11 13 14 | 14.9
Shields        | 4 5 6 7 8 9 10 11 13 | 13.0
Throwing       | 3 5 6 8 9 10 | 10.5
Invocations    | 2 4 6 8 10 12 | 12.0

Action                     |  1- 3 |  4- 6 |  7- 9 | 10-12 | 13-15 || total
---------------------------+-------+-------+-------+-------+-------++-------
  Melee: War axe           |   105 |    61 |   259 |   641 |   436 ||  1502
         Headbutt          |    12 |    12 |    49 |   145 |   288 ||   506
         Broad axe         |       |       |       |       |   707 ||   707
  Throw: Boomerang         |       |       |       |    33 |    72 ||   105
         Javelin           |       |       |       |       |    10 ||    10
 Invoke: Heroism           |       |       |     1 |     9 |    10 ||    20
         Finesse           |       |       |       |     2 |     1 ||     3
         Receive Weapon    |       |       |       |       |     1 ||     1
         Receive Armour    |       |       |       |       |     1 ||     1
  Evoke: Wand              |       |       |     1 |       |       ||     1
    Use: Scroll            |       |     9 |     2 |     7 |    15 ||    33
         Potion            |       |     1 |     1 |     4 |     3 ||     9
   Stab: Paralysed         |       |       |     2 |       |       ||     2
         Distracted        |       |       |       |       |     1 ||     1
 Armour: Scale mail        |    76 |    51 |   136 |       |       ||   263
         Chain mail        |       |       |   129 |   425 |   280 ||   834
         Crystal plate arm |       |       |       |       |   511 ||   511
  Dodge: Dodged            |    40 |    20 |    97 |   167 |   225 ||   549
  Block: Buckler           |    37 |    14 |    95 |   302 |   222 ||   670
         Reflection        |       |       |     2 |     8 |     9 ||    19
         Kite shield       |       |       |       |       |   706 ||   706
